 Dungeon Sprint DCSS version 0.24-a0-243-g8f5f5cd (webtiles) character file.

Game seed: 18140909378087116823

384 MikeHunt the Blocker (level 7, 0/52 HPs)
             Began as a Formicid Fighter on Apr 10, 2019.
             Was a Follower of Okawaru.
             Slain by a killer bee (6 damage)
             ... in the Dungeon (Sprint IV: "Fedhas' Mad Dash").
             The game lasted 00:04:28 (861 turns).

MikeHunt the Blocker (Formicid Fighter)              Turns: 861, Time: 00:04:28

Health: 0/52       AC:  6    Str: 21    XL:     7   Next: 6%
Magic:  6/11       EV:  9    Int:  7    God:    Okawaru [*.....]
Gold:   129        SH: 12    Dex: 12    Spells: 6/6 levels left

rFire    . . .     SeeInvis +   a - +0 quarterstaff
rCold    . . .     Gourm    .   c - +0 shield
rNeg     . . .     Faith    .   b - +0 scale mail
rPois    .         Spirit   .   (helmet unavailable)
rElec    .         Reflect  .   (no cloak)
rCorr    .         Harm     .   (no gloves)
MR       .....                  (no boots)
Stlth    ..........             n - amulet of invisibility {+Inv}
HPRegen  0.17/turn              (no ring)
MPRegen  0.12/turn              (no ring)

@: very slightly contaminated, invisible
A: permanent stasis, dig shafts and tunnels, four strong arms, antennae 3
a: Dig, Heroism, Renounce Religion


You were in the Dungeon.
You worshipped Okawaru.
Okawaru was aware of your devotion.
You were not hungry.

You visited 1 branch You collected 129 gold pieces.

Inventory:

Hand Weapons
 a - a +0 quarterstaff (weapon)
Missiles
 l - 11 sling bullets
Armour
 b - a +0 scale mail (worn)
 c - a +0 shield (worn)
Jewellery
 n - the amulet of invisibility (around neck) {+Inv}
   (You found it in the Dungeon)

   [amulet of nothing]

   It lets you turn invisible.
Scrolls
 g - a scroll of vulnerability
 k - a scroll of blinking
 m - a scroll of remove curse {unknown}
Potions
 h - a potion of haste
 i - 2 potions of magic
 j - a potion of berserk rage
Comestibles
 f - a ration


   Skills:
 - Level 3.2 Fighting
 + Level 9.2 Staves
 - Level 3.2 Armour
 + Level 11.1 Shields
 + Level 2.2 Invocations
 - Level 6.0 Evocations


You had 6 spell levels left.
You didn't know any spells.
Your spell library was empty.

Dungeon Overview and Level Annotations

Branches:
Dungeon (1/1)

Altars:
Cheibriados
Dithmenos
Elyvilon
Gozag
Hepliaklqana
Kikubaaqudgha
Makhleb
Nemelex Xobeh
Okawaru
Qazlal
Ru
Sif Muna
Trog
Uskayaw
Vehumet
Wu Jian
Xom
Yredelemnul
Zin
The Shining One
Beogh
Jiyva
Lugonu

Shops:
D (?


Innate Abilities, Weirdness & Mutations

You cannot be hasted, slowed, berserked, paralysed or teleported.
You can dig through walls and to a lower floor.
Your four strong arms can wield two-handed weapons with a shield.
You have a pair of large antennae on your head. (SInv)


Message History

The killer bee poisons you! You block the killer bee's attack.
The killer bee closely misses you.
You fail to use your ability.
You feel sick. The killer bee stings you!
* * * LOW HITPOINT WARNING * * *
You block the killer bee's attack. x2; The killer bee barely misses you. x2
You feel better. You block the killer bee's attack. The killer bee stings you.
* * * LOW HITPOINT WARNING * * *
The killer bee closely misses you.
The killer bee stings you but does no damage.
The killer bee stings you!
* * * LOW HITPOINT WARNING * * *
You hit the killer bee.
You kill the killer bee!
Okawaru accepts your kill.
Your Staves skill increases to level 9!
Your Shields skill increases to level 11!
Your Invocations skill gained 2 levels and is now at level 2!
You have reached level 7!
The killer bee stings you.
You die...

#########################
#<..P#.....#.....#.⌠._._.
#PP..'.....'.#.[.'.._._._
#PPPP#.....#.#...#..._._.
###############'##.._._._
...♣........'...#._._._.
%....y♣y....#...########
{ ♣.@♣..###### #+##### {
{ { { { { {


You could see a queen bee and a killer bee.

Vanquished Creatures
  3 killer bees (D)
  A scorpion (D)
  4 oklob saplings (D)
  A worker ant (D)
  2 spriggans (D)
  A river rat (D)
  A rat (D)
13 creatures vanquished.

Notes
Turn   | Place    | Note
-------+----------+-------------------------------------------
     0 | D        | MikeHunt the Formicid Fighter began the quest for the Orb.
     0 | D        | Reached XP level 1. HP: 18/18 MP: 1/1
     9 | D        | Reached skill level 5 in Shields
     9 | D        | Reached XP level 2. HP: 24/24 MP: 2/2
    20 | D        | Noticed an oklob sapling
    22 | D        | Killed an oklob sapling
    22 | D        | Reached skill level 6 in Shields
    22 | D        | Reached XP level 3. HP: 29/29 MP: 3/3
    25 | D        | Found the amulet of invisibility {+Inv}
    29 | D        | Reached skill level 5 in Staves
    29 | D        | Reached skill level 7 in Shields
    29 | D        | Reached XP level 4. HP: 20/35 MP: 4/4
   166 | D        | Found an opulent altar of Gozag.
   166 | D        | Found a hazy altar of Hepliaklqana.
   166 | D        | Found a roughly hewn altar of Beogh.
   166 | D        | Found a snail-covered altar of Cheibriados.
   167 | D        | Found a viscous altar of Jiyva.
   167 | D        | Found a burning altar of Makhleb.
   167 | D        | Found a sparkling altar of Nemelex Xobeh.
   167 | D        | Found a sacrificial altar of Ru.
   167 | D        | Found a deep blue altar of Sif Muna.
   167 | D        | Found a bloodstained altar of Trog.
   167 | D        | Found an ornate altar of the Wu Jian Council.
   167 | D        | Found a shimmering altar of Xom.
   167 | D        | Found a basalt altar of Yredelemnul.
   167 | D        | Noticed an oklob sapling priest
   168 | D        | Found an iron altar of Okawaru.
   168 | D        | Found a glowing silver altar of Zin.
   168 | D        | Found a shadowy altar of Dithmenos.
   169 | D        | Found an ancient bone altar of Kikubaaqudgha.
   169 | D        | Found a hide-covered altar of Uskayaw.
   170 | D        | Found a stormy altar of Qazlal.
   170 | D        | Found a glowing golden altar of the Shining One.
   170 | D        | Found a white marble altar of Elyvilon.
   171 | D        | Found a corrupted altar of Lugonu.
   171 | D        | Found a radiant altar of Vehumet.
   176 | D        | Became a worshipper of Warmaster Okawaru
   183 | D        | Killed an oklob sapling priest
   183 | D        | Reached skill level 8 in Shields
   183 | D        | Reached XP level 5. HP: 25/41 MP: 3/5
   305 | D        | Reached skill level 9 in Shields
   305 | D        | Reached skill level 1 in Evocations
   337 | D        | HP: 2/41 [acid (5)]
   655 | D        | Reached * piety under Okawaru
   655 | D        | Reached XP level 6. HP: 30/47 MP: 8/8
   658 | D        | Reached skill level 10 in Shields
   796 | D        | Found Vonkuam's Magic Scroll Shop.
   796 | D        | Found Ellae's Antique Weapon Emporium.
   837 | D        | Noticed a queen bee
   846 | D        | Reached skill level 5 in Evocations
   861 | D        | Reached skill level 11 in Shields
   861 | D        | Reached XP level 7. HP: 6/52 MP: 6/11
   861 | D        | Slain by a killer bee

Levels and vault maps discovered:
D:        dungeon_sprint_fedhas [sprint_temple]

Skill      XL: |  1  2  3  4  5  6 |
---------------+-------------------+-----
Staves         | 3 4 5 6 7 9 |  9.2
Shields        | 5 6 7 8 9 11 | 11.1
Evocations     | 3 6 |  6.0
Invocations    | 2 |  2.2
Fighting       | |  3.2
Armour         | |  3.2

Action                   |  1- 3 |  4- 6 |  7- 9 || total
-------------------------+-------+-------+-------++-------
Melee: Quarterstaff      |    12 |    46 |       ||    58
Invok: Heroism           |       |     1 |       ||     1
 Abil: Evoke Invisibilit |       |     3 |       ||     3
       Dig               |       |     3 |       ||     3
  Use: Potion            |       |     3 |       ||     3
       Scroll            |       |     1 |       ||     1
 Stab: Invisible         |       |     4 |       ||     4
  Eat: Chunk             |       |     1 |       ||     1
Armor: Scale mail        |       |     4 |       ||     4
Dodge: Dodged            |     3 |    18 |       ||    21
Block: Shield            |     2 |    30 |       ||    32

Table legend:
 A = Non-vault XP
 B = Vault XP
 C = Vault XP percentage of total XP
 D = Non-vault monster count
 E = Vault monster count
 F = Vault count percentage of total count
                 A         B        C        D         E       F
            +---------+---------+-------+---------+---------+-------
      Total |       0 |     549 | 100.0 |       0 |      13 | 100.0
            +---------+---------+-------+---------+---------+-------
          D |       0 |     549 | 100.0 |       0 |      13 | 100.0
            +---------+---------+-------+---------+---------+-------
